 Dungeon Crawl Stone Soup version 0.15-a0-756-g319e367 (webtiles) character file.

8 Bloax the Insei (level 2, -4/24 HPs)
             Began as a Mummy Monk on May 11, 2014.
             Slain by a hobgoblin
             ... wielding a +0,+0 club
              (5 damage)
             ... on Level 1 of the Dungeon.
             The game lasted 00:00:53 (394 turns).

Bloax the Insei (Mummy Monk)                         Turns: 394, Time: 00:00:53

HP  -4/24        AC  2     Str 14      XL: 2   Next:  0%
MP   2/2         EV 13     Int  9      God:
Gold 0           SH  0     Dex 14      Spells:  0 memorised,  1 level left

rFire  x . .     SeeInvis .     f - -2,-1 hand axe (curse)
rCold  + . .     Clarity  .     a - +0 robe
rNeg   + + +     Conserve .     (no shield)
rPois  +         rCorr    .     (no helmet)
rElec  .         rRot     +     (no cloak)
SustAb . .       Spirit   .     (no gloves)
rMut   .         Warding  .     (no boots)
Gourm  .         Stasis   .     (no amulet)
MR     .....                    (no ring)
                                d - cursed ring of loudness

@: bribing [], not resistant to hostile enchantments, very unstealthy
A: no food or potions, fire vulnerability, restore body, cold resistance 1, life
protection 3, poison resistance, torment resistance, unbreathing
a: no special abilities


You were on level 1 of the Dungeon.
You were not hungry.

You visited 1 branch of the dungeon, and saw 1 of its levels.


Innate Abilities, Weirdness & Mutations

You do not eat or drink.
Your flesh is vulnerable to fire.
Your flesh is cold resistant.
You are immune to negative energy.
Your system is resistant to poisons.
You are immune to unholy pain and torment.
You can survive without breathing.


   Skills:
 - Level 3.0 Fighting
 - Level 2.4 Dodging
 - Level 1.5 Stealth
 * Level 3.6 Unarmed Combat


You had one spell level left.
You didn't know any spells.

Dungeon Overview and Level Annotations

Branches:
Dungeon (1/15)

Altars:

Inventory:

Hand weapons
 f - a cursed -2,-1 hand axe (weapon)
   (You found it on level 1 of the Dungeon)
Armour
 a - a +0 robe (worn)
Scrolls
 b - 3 scrolls of identify {unknown}
 c - a scroll of teleportation {unknown}
 e - a scroll of immolation {unknown}
Jewellery
 d - a cursed ring of loudness (left hand)
   (You found it on level 1 of the Dungeon)

#......##.........###.##..
####...##.........# #.##..
#....##.........###.##..
#.......%...............
#....##.........###.####
#....##.........###.####
#....##.........#.......
#....###.###..###g......
###....@g.........).)...
##.###g###..#####)#### #.#
#.##..># #..... #.#
#.##...# #.....
###.###.##...#####.....
#.......................
......!###...#####.....
....... ..............
..#.... ...............


You could see 2 hobgoblins.


Message History

The bat hits you but does no damage. The bat closely misses you.
The bat hits you.
You hit the bat.
The bat is severely wounded.
The bat barely misses you. The bat hits you but does no damage. x2
You closely miss the bat.
The bat is severely wounded.
The bat closely misses you. The bat hits you.
You miss the bat.
The bat is severely wounded.
The bat hits you.
You closely miss the bat.
The bat is severely wounded.
The bat closely misses you. The bat hits you but does no damage. x2
You barely miss the bat.
The bat is severely wounded.
The bat closely misses you. The bat barely misses you.
You hit the bat.
You kill the bat!
You have reached level 2!
d - a runed marble ring Put on which piece of jewellery? (? for menu, Esc to quit)
Oops, that ring feels deathly cold.
d - a cursed ring of loudness (left hand)
e - a scroll labeled ANGOELL ELUR You see here a runed hand axe.
f - a runed hand axe Wield which item (- for none, * to show all)? (? for menu, Esc to quit)
It sticks to your hand!
f - a cursed -2,-1 hand axe (weapon)
A hobgoblin comes into view.
The hobgoblin shouts!
The hobgoblin moves out of view.
Found 15 gold pieces.
There is an escape hatch in the floor here.
Found a fuming silvery potion.
You see here a scroll labeled ZUMANT LOIGUIDD.
b - 3 scrolls labeled ZUMANT LOIGUIDD (gained 1)
A hobgoblin comes into view. It is wielding a club.
The hobgoblin shouts!
The hobgoblin hits you but does no damage.
The hobgoblin closely misses you. The hobgoblin misses you.
The hobgoblin closely misses you. The hobgoblin hits you.
The hobgoblin hits you with a club. The hobgoblin hits you.
The hobgoblin hits you with a club. The hobgoblin misses you.
The hobgoblin closely misses you. The hobgoblin completely misses you.
The hobgoblin misses you. The hobgoblin barely misses you.
The hobgoblin hits you but does no damage.
The hobgoblin misses you. The hobgoblin closely misses you.
The hobgoblin misses you. The hobgoblin hits you.
* * * LOW HITPOINT WARNING * * *
The hobgoblin closely misses you. The hobgoblin hits you.
* * * LOW HITPOINT WARNING * * *
The hobgoblin barely misses you.
The hobgoblin hits you but does no damage.
The hobgoblin barely misses you. The hobgoblin hits you.
* * * LOW HITPOINT WARNING * * *
The hobgoblin closely misses you. The hobgoblin hits you with a club.
* * * LOW HITPOINT WARNING * * *
The hobgoblin misses you. The hobgoblin barely misses you.
The hobgoblin closely misses you. The hobgoblin barely misses you.
The hobgoblin hits you.
* * * LOW HITPOINT WARNING * * *
The hobgoblin hits you with a club.
You die...

Action                   || total
-------------------------++-------
Melee: Unarmed           ||    32

Vault maps used:
D:1:      lightli_molten_gateway, columned_hall_lemuel

Notes
Turn   | Place    | Note
--------------------------------------------------------------
     0 | D:1      | Bloax, the Mummy Monk, began the quest for the Orb.
     0 | D:1      | Reached XP level 1. HP: 18/18 MP: 1/1
    53 | D:1      | HP: 4/18 [hobgoblin/club (1)]
   315 | D:1      | Reached XP level 2. HP: 20/24 MP: 2/2
   389 | D:1      | HP: 4/24 [hobgoblin (4)]
   393 | D:1      | HP: 1/24 [hobgoblin (3)]
   394 | D:1      | Slain by a hobgoblin

Vanquished Creatures
  3 hobgoblins (D:1)
  3 bats (D:1)
  2 rats (D:1)
8 creatures vanquished.
